 Dungeon Crawl Stone Soup version 0.17.1-3-g152610e (webtiles) character file.

137 MrTails the Covered (level 5, 0/33 HPs)
             Began as a Gargoyle Fighter on Feb 18, 2016.
             Slain by a gnoll
             ... wielding a +0 halberd
              (6 damage)
             ... on level 3 of the Dungeon.
             The game lasted 00:03:46 (1658 turns).

MrTails the Covered (Gargoyle Fighter)              Turns: 1658, Time: 00:03:46

Health: 0/33       AC: 11    Str: 20    XL:     5   Next: 20%
Magic:  5/5        EV:  4    Int:  9    God:
Gold:   78         SH:  0    Dex:  9    Spells: 0 memorised, 4 levels left

rFire  . . .     SeeInvis .     a - +0 war axe
rCold  . . .     Clarity  .     b - +0 scale mail
rNeg   + . .     SustAt   .     c - +0 shield
rPois  ∞         Gourm    .     (no helmet)
rElec  +         Spirit   .     (no cloak)
rCorr  .         Warding  .     (no gloves)
rMut   .         Stasis   .     (no boots)
MR     .....                    (no amulet)
Stlth  ..........               (no ring)
                                (no ring)

@: held, not resistant to hostile enchantments, extremely unstealthy
A: negative energy resistance 1, electricity resistance, unbreathing,
petrification resistance, rot immunity, AC +4
a: no special abilities


You were on level 3 of the Dungeon.
You were very hungry.

You visited 1 branch of the dungeon, and saw 3 of its levels.

You collected 78 gold pieces.

Inventory:

Hand Weapons
 a - a +0 war axe (weapon)
Armour
 b - a +0 scale mail (worn)
 c - a +0 shield (worn)
Jewellery
 s - an uncursed ring of wizardry {unknown}
Scrolls
 f - a scroll of teleportation {unknown}
 g - a scroll of enchant armour {unknown}
 j - a scroll of immolation {unknown}
 k - a scroll of blinking {unknown}
 m - a scroll of identify {unknown}
 p - 3 scrolls of fog {unknown}
 r - a scroll of magic mapping {unknown}
Potions
 d - 2 potions of might
 i - a potion of resistance {unknown}
 l - 2 potions of mutation {unknown}
 n - a potion of haste {unknown}
 o - a potion of poison {unknown}
Comestibles
 e - 3 bread rations
 h - a royal jelly
 q - a fruit


   Skills:
 + Level 4.0 Fighting
 * Level 3.1 Axes
 + Level 4.2 Armour
 - Level 0.1 Dodging
 + Level 4.0 Shields


You had 4 spell levels left.
You didn't know any spells.

Dungeon Overview and Level Annotations

Branches:
Dungeon (3/15)

Altars:
Nemelex Xobeh


Innate Abilities, Weirdness & Mutations

You are resistant to torment.
Your stone body is resilient (AC +4).
You are immune to poison.
You resist negative energy.
You are resistant to electric shocks.
You can survive without breathing.
You are immune to petrification.
You are immune to rotting.


Message History

The gnoll hits you but does no damage.
An orc and an orc wizard come into view.
The orc shouts!
The orc wizard shouts!
The gnoll hits you from afar with a halberd.
The orc wizard mumbles some strange words.
The orc wizard blinks!
The gnoll barely misses you.
An orc comes into view. It is wielding a hand axe.
The orc shouts!
The gnoll hits you but does no damage.
A ball python comes into view.
The gnoll hits you but does no damage.
The gnoll hits you from afar with a halberd.
The gnoll barely misses you.
The gnoll hits you from afar with a halberd.
The gnoll hits you from afar with a halberd!
* * * LOW HITPOINT WARNING * * *
The gnoll barely misses you.
You struggle against the net.
The gnoll hits you from afar with a halberd.
You die...

. #...... ...
###......
...og#####
#.#......
..oogg.@.#
#.#......
..Jog###.#
#........ ... #.#
#........ . #.##
##.#...... #..#
###.........
##.###.........##
#......#.#....##
##.......#.....#
#.......#.....)


You could see an orc wizard, 3 gnolls, an ooze, 3 orcs and a goblin.

Vanquished Creatures
  Ijyb (D:3)
  A worker ant (D:3)
  2 adders (D:2)
  An ooze (D:1)
  2 giant geckos
  An orc (D:3)
  A ball python (D:3)
  A giant cockroach (D:1)
  17 goblins
  7 hobgoblins
  A jackal (D:1)
  7 kobolds
  A quokka (D:2)
  6 bats
  8 giant newts
  6 rats
63 creatures vanquished.

Notes
Turn   | Place    | Note
--------------------------------------------------------------
     0 | D:1      | MrTails the Gargoyle Fighter began the quest for the Orb.
     0 | D:1      | Reached XP level 1. HP: 14/14 MP: 1/1
     7 | D:1      | Noticed a black bear
     7 | D:1      | Noticed a four-headed hydra
     7 | D:1      | Noticed a black mamba
     7 | D:1      | Noticed a wolf
     7 | D:1      | Noticed a komodo dragon
   117 | D:1      | Reached XP level 2. HP: 16/19 MP: 2/2
   349 | D:1      | Reached XP level 3. HP: 21/23 MP: 3/3
  1082 | D:2      | Reached XP level 4. HP: 27/29 MP: 4/4
  1371 | D:2      | Found a sparkling altar of Nemelex Xobeh.
  1458 | D:3      | Reached skill level 4 in Armour
  1487 | D:3      | Noticed Ijyb
  1512 | D:3      | Killed Ijyb
  1612 | D:3      | Reached XP level 5. HP: 25/33 MP: 5/5
  1658 | D:3      | Slain by a gnoll

Action                   |  1- 3 |  4- 6 || total
-------------------------+-------+-------++-------
Melee: War axe           |   144 |    98 ||   242
  Eat: Chunk             |     1 |     1 ||     2
